 Dungeon Crawl Stone Soup version 0.29.1-2-gbd0b4ee654 (webtiles) character file.

Game seed: 386074139630103619

15 Godmorgon the Trooper (level 2, -3/24 HPs)
             Began as a Formicid Abyssal Knight on Oct 24, 2022.
             Was a Believer of Lugonu.
             Slain by a gnoll
             ... wielding a +0 spear
              (4 damage)
             ... on level 1 of the Dungeon.
             The game lasted 00:02:48 (662 turns).

Godmorgon the Trooper (Formicid Abyssal Knight)      Turns: 662, Time: 00:02:48

Health: -3/24      AC:  6    Str: 17    XL:     2   Next: 65%
Magic:  3/3        EV:  9    Int:  9    God:    Lugonu [**....]
Gold:   27         SH:  0    Dex: 14    Spells: 1/1 levels left

rFire   . . .      SeeInvis +   a - +1 mace
rCold   . . .      Faith    .   (no shield)
rNeg    . . .      Spirit   .   h - +0 scale mail
rPois   .          Reflect  .   (helmet unavailable)
rElec   .          Harm     .   (no cloak)
rCorr   .          Rampage  .   (no gloves)
Will    .....                   (no boots)
Stlth   ..........              (no amulet)
HPRegen 0.08/turn               (no ring)
MPRegen 0.08/turn               (no ring)

@: no status effects
A: permanent stasis, dig shafts and tunnels, antennae 3, four strong arms
a: Dig, Shaft Self, Renounce Religion, Depart the Abyss, Bend Space


You were on level 1 of the Dungeon.
You worshipped Lugonu.
Lugonu was pleased with you.
You visited 1 branch of the dungeon, and saw 1 of its levels.
You visited the Abyss 1 time.

You collected 27 gold pieces.

Inventory:

Hand Weapons
 a - a +1 mace (weapon)
Missiles
 i - 3 poisoned darts
Armour
 h - a +0 scale mail (worn)
Jewellery
 b - a ring of magical power
Scrolls
 c - a scroll of vulnerability {unknown}
 d - a scroll of immolation {unknown}
 f - 3 scrolls of fear {unknown}
 k - a scroll of fog {unknown}
Potions
 e - a potion of attraction {unknown}
 g - a potion of cancellation {unknown}
 j - 2 potions of magic {unknown}


   Skills:
 + Level 3.5 Fighting
 * Level 2.5 Maces & Flails
 - Level 2.1 Armour
 - Level 0.8 Dodging
 + Level 2.5 Invocations


You had one spell level left.
You didn't know any spells.
Your spell library was empty.

Dungeon Overview and Level Annotations

Branches:
Dungeon (1/15)

Altars:


Innate Abilities, Weirdness & Mutations

You cannot be hasted, slowed, berserked, paralysed or teleported.
You can dig through walls and to a lower floor.
You have a pair of large antennae on your head. (SInv)
Your four strong arms can wield two-handed weapons with a shield.


Message History

The ball python constricts you.
You barely miss the ball python.
The ball python bites you but does no damage.
The ball python constricts you.
The hobgoblin hits you but does no damage.
You barely miss the ball python.
The ball python bites you but does no damage.
The ball python constricts you.
The hobgoblin hits you but does no damage.
The ball python bites you but does no damage.
The ball python constricts you.
You barely miss the ball python. The hobgoblin hits you.
The ball python closely misses you. The ball python constricts you.
The hobgoblin hits you but does no damage.
You hit the ball python.
You kill the ball python!
Lugonu accepts your kill. The hobgoblin hits you.
You hit the hobgoblin.
You kill the hobgoblin!
Lugonu accepts your kill.
You now have 27 gold pieces (gained 4).
A gnoll comes into view. It is wielding a +0 spear.
The gnoll shouts!
A gnoll is nearby!
The gnoll hits you from afar with a +0 spear.
A ball python comes into view.
The ball python hisses angrily.
A bat comes into view.
The gnoll barely misses you.
You barely miss the gnoll. The gnoll hits you with a +0 spear.
You barely miss the gnoll. You punch the gnoll.
The gnoll is moderately wounded.
The gnoll hits you with a +0 spear.
* * * LOW HITPOINT WARNING * * *
The gnoll hits you with a +0 spear.
* * * LOW HITPOINT WARNING * * *
The gnoll attacks as you move away! The gnoll closely misses you.
The gnoll hits you from afar with a +0 spear.
You die...

..#.##..#....##......#
###.#..###.#..#.....##
#...# #..........#
#.#......#.#####..#
#.+......#.##.....#
#.....##.......#
...... ####.####
...... #.#
......##+##@#
...........S#
......bg# ........#
#### ##......# ...#
###+##.. ...# ... ##.#
... ##.# ....


You could see a gnoll, a bat and a ball python.

Vanquished Creatures
  4 endoplasms (D:1)
  A hobgoblin (D:1)
  2 jackals (D:1)
  A kobold (D:1)
  2 quokkas (D:1)
  A ball python (D:1)
  A bat (D:1)
12 creatures vanquished.

Notes
Turn   | Place    | Note
-------+----------+-------------------------------------------
     0 | Abyss:1  | Godmorgon the Formicid Abyssal Knight began the quest for
                  | the Orb.
     0 | Abyss:1  | Reached XP level 1. HP: 18/18 MP: 2/2
     1 | D:1      | Escaped the Abyss
   311 | D:1      | Reached XP level 2. HP: 24/24 MP: 3/3
   422 | D:1      | Found a faded altar of an unknown god.
   661 | D:1      | HP: 1/24 [gnoll/+0 spear (5)]
   662 | D:1      | Slain by a gnoll

Illustrated notes

Levels and vault maps discovered:
D:1:      amcnicky_arrival_wind_blow, layout_basic,
          hellmonk_ecumenical_altar_pennies_from_heaven, grunt_decor_arrowhead

Action                   || total
-------------------------++-------
Melee: Mace              ||    37
       Punch             ||     1
Armor: Leather armour    ||     8
       Scale mail        ||    15
Dodge: Dodged            ||    22
